 Dungeon Crawl Stone Soup version 0.20.0-15-g7f486f2 (webtiles) character file.

2032 systemy the Cleaver (level 9, 0/79 HPs)
             Began as a Minotaur Berserker on June 24, 2017.
             Was an Elder of Trog.
             Succumbed to a killer bee's poison
             ... on level 8 of the Dungeon.
             The game lasted 00:09:26 (5324 turns).

systemy the Cleaver (Minotaur Berserker)            Turns: 5324, Time: 00:09:26

Health: 0/79       AC: 14    Str: 24    XL:     9   Next: 3%
Magic:  8/8        EV:  8    Int:  4    God:    Trog [****..]
Gold:   343        SH:  0    Dex: 11    Spells: 8/8 levels left

rFire    . . .     SeeInvis .   E - +4 war axe
rCold    . . .     Gourm    .   (no shield)
rNeg     . . .     Faith    .   t - +0 plate armour
rPois    .         Spirit   .   (helmet restricted)
rElec    .         Reflect  .   (no cloak)
rCorr    .         Harm     .   (no gloves)
MR       .....                  o - +0 pair of boots (curse)
Stlth    ..........             (no amulet)
Regen    0.3/turn               (no ring)
MPRegen  0.2/turn               (no ring)

@: lethally poisoned (0 -> -33), berserk cooldown, slowed, very slow
A: retaliatory headbutt, horns 2
a: Berserk, Trog's Hand, Brothers in Arms, Burn Spellbooks, Renounce Religion


You were on level 8 of the Dungeon.
You worshipped Trog.
Trog was greatly pleased with you.
You were very hungry.

You visited 1 branch of the dungeon, and saw 8 of its levels.

You collected 343 gold pieces.

Inventory:

Hand Weapons
 a - a +0 hand axe
 E - a +4 war axe (weapon)
Armour
 b - a +0 animal skin
 g - a +0 chain mail
 o - a cursed +0 pair of boots (worn)
 t - a +0 plate armour (worn)
Jewellery
 k - an uncursed ring of positive energy {unknown}
 F - an uncursed amulet of magic regeneration {unknown}
 I - a +3 ring of slaying {unknown}
 J - an uncursed amulet of magic regeneration {unknown}
Wands
 x - a wand of iceblast (6/15)
 B - a wand of flame (21/48)
Scrolls
 e - 8 scrolls of remove curse {unknown}
 l - 6 scrolls of identify {unknown}
 n - 3 scrolls of magic mapping {unknown}
 s - 2 scrolls of random uselessness {unknown}
 w - a scroll of fear {unknown}
 y - 2 scrolls of enchant weapon {unknown}
 C - a scroll of enchant armour {unknown}
 D - 2 scrolls of teleportation {unknown}
 H - a scroll of blinking {unknown}
Potions
 d - 2 potions of haste {unknown}
 f - 3 potions of degeneration {unknown}
 h - 2 potions of flight {unknown}
 i - 2 potions of lignification {unknown}
 j - 3 potions of invisibility {unknown}
 m - a potion of magic {unknown}
 p - a potion of mutation {unknown}
 q - 2 potions of ambrosia {unknown}
 r - a potion of curing {unknown}
 u - a potion of agility {unknown}
 v - 2 potions of brilliance {unknown}
Books
 G - a book of Air

   Spells                             Type                      Level
   a - Shock                          Conjuration/Air              1
   b - Swiftness                      Charms/Air                   2
   c - Static Discharge               Conjuration/Air              3
   d - Airstrike                      Air                          4
   e - Lightning Bolt                 Conjuration/Air              5
   Trog disapproves of the use of such an item.
Comestibles
 c - 5 bread rations
 z - 2 meat rations
 A - 6 royal jellies
 K - 2 fruits


   Skills:
 + Level 7.4 Fighting
 + Level 10.6 Axes
 + Level 7.9 Armour
 - Level 2.1 Dodging


You had 8 spell levels left.
You didn't know any spells.

Dungeon Overview and Level Annotations

Branches:
Dungeon (8/15)             Temple (0/1) D:7
   Lair: D:8-11

Altars:
Nemelex Xobeh
The Shining One

Shops:
D:5 !   D:6 :


Innate Abilities, Weirdness & Mutations

You reflexively headbutt those who attack you in melee.
You have a pair of horns on your head.


Message History

The killer bee buzzes angrily.
You hit the queen bee.
The queen bee is lightly wounded.
You closely miss the killer bee.
* * * LOW HITPOINT WARNING * * *
You feel very sick.
You hear an angry buzzing noise.
The killer bee stings you!
* * * LOW HITPOINT WARNING * * *
You are more poisoned.
The killer bee poisons you! The killer bee completely misses you.
You furiously retaliate!
You headbutt the killer bee!
The killer bee stings you but does no damage. x2
The queen bee calls on the killer bee to defend it!
The killer bee goes berserk!
The killer bee closely misses you. The killer bee barely misses you.
You completely miss the killer bee.
The killer bee is heavily wounded.
You closely miss the queen bee. You slash the killer bee!
You die...

#... ##...
##...# #....#
##.....
#.....##
##....yy#
#.....@y###
.#.....†$..####
......†........
#.....†††..#...
##......†....##
###......####
####..## # #.##
..# ##.#


You could see a queen bee and 2 killer bees.

Vanquished Creatures
  A hungry ghost (D:3)
  An ice beast (D:5)
  2 ogres
  2 centaurs
  A bullfrog (D:6)
  11 killer bees (D:8)
  2 howler monkeys
  2 crimson imps
  4 bullfrog zombies (D:5)
  3 hounds
  2 centaur skeletons
  A centaur zombie (D:5)
  A gnoll shaman (D:4)
  A bullfrog skeleton (D:5)
  2 iguanas
  4 worker ants
  A killer bee zombie (D:5)
  2 hound skeletons
  A worker ant zombie (D:5)
  2 howler monkey zombies (D:5)
  7 gnolls
  4 adders
  2 oozes
  2 adder skeletons (D:5)
  3 adder zombies (D:5)
  2 worms (D:3)
  2 dart slugs
  3 leopard geckos
  12 orcs
  7 bats
  4 giant cockroaches
  6 goblins
  5 hobgoblins
  9 jackals
  2 quokkas (D:3)
  2 ball pythons
  8 frilled lizards
  A giant cockroach zombie (D:6)
  A jackal zombie (D:5)
  2 kobolds
  4 rats
134 creatures vanquished.

Notes
Turn   | Place    | Note
-------+----------+-------------------------------------------
     0 | D:1      | systemy the Minotaur Berserker began the quest for the Orb.
     0 | D:1      | Reached XP level 1. HP: 19/19 MP: 0/0
   199 | D:1      | Reached skill level 4 in Axes
   368 | D:1      | Reached XP level 2. HP: 21/27 MP: 1/1
  1027 | D:2      | Reached XP level 3. HP: 33/33 MP: 2/2
  1549 | D:3      | Reached ** piety under Trog
  1689 | D:3      | Reached XP level 4. HP: 30/41 MP: 3/3
  1703 | D:3      | Reached skill level 5 in Axes
  1892 | D:3      | Found a sparkling altar of Nemelex Xobeh.
  2001 | D:3      | Noticed a hungry ghost
  2024 | D:3      | Killed a hungry ghost
  2024 | D:3      | Reached skill level 5 in Fighting
  2024 | D:3      | Reached XP level 5. HP: 42/48 MP: 4/4
  2033 | D:3      | Reached skill level 6 in Axes
  2543 | D:4      | Reached XP level 6. HP: 56/56 MP: 5/5
  3462 | D:5      | Entered Level 5 of the Dungeon
  3526 | D:5      | Reached skill level 7 in Axes
  3545 | D:5      | Found a glowing golden altar of the Shining One.
  3559 | D:5      | Reached skill level 5 in Armour
  3586 | D:5      | Reached XP level 7. HP: 60/62 MP: 6/6
  3607 | D:5      | Reached *** piety under Trog
  3760 | D:5      | Reached skill level 8 in Axes
  3830 | D:5      | Found Hier's Distillery.
  4074 | D:5      | Reached XP level 8. HP: 68/71 MP: 7/7
  4195 | D:6      | Found Lotetar's Book Emporium.
  4347 | D:6      | Reached skill level 9 in Axes
  4877 | D:7      | Reached **** piety under Trog
  4902 | D:7      | Found a staircase to the Ecumenical Temple.
  5306 | D:8      | Reached skill level 10 in Axes
  5316 | D:8      | Noticed a queen bee
  5316 | D:8      | Reached XP level 9. HP: 47/79 MP: 8/8
  5323 | D:8      | HP: 3/79 [killer bee (12)]
  5324 | D:8      | Succumbed to a killer bee's poison

Skill      XL: |  1  2  3  4  5  6  7  8 |
---------------+-------------------------+-----
Axes           | 4 5 6 7 8 10 | 10.6
Fighting       | 4 5 6 7 |  7.4
Armour         | 3 4 5 6 7 |  7.9
Dodging        | |  2.1

Action                   |  1- 3 |  4- 6 |  7- 9 || total
-------------------------+-------+-------+-------++-------
Melee: Hand axe          |    86 |   138 |    35 ||   259
       Headbutt          |     9 |    29 |    18 ||    56
       War axe           |       |       |   104 ||   104
Invok: Berserk           |       |     1 |     1 ||     2
  Eat: Chunk             |     2 |     4 |     6 ||    12
       Meat ration       |       |     1 |       ||     1
Armor: Chain mail        |    45 |       |       ||    45
       Animal skin       |     1 |       |       ||     1
       Plate armour      |       |    71 |   122 ||   193
Dodge: Dodged            |    44 |    47 |    71 ||   162
